 Dungeon Crawl Stone Soup version 0.20.1-1-g8b1a95d (webtiles) character file.

6386 lo53n the Grappler (level 10, 0/106 HPs)
             Began as a Troll Monk on Oct 25, 2017.
             Was an Elder of Trog.
             Slain by a wolf (5 damage)
             ... on level 9 of the Dungeon.
             The game lasted 01:06:23 (9063 turns).

lo53n the Grappler (Troll Monk)                     Turns: 9063, Time: 01:06:24

Health: 0/106      AC:  5    Str: 20 (22) XL:     10   Next: 66%
Magic:  9/9        EV:  7    Int:  6      God:    Trog [****..]
Gold:   215        SH: 14    Dex: 10 (12) Spells: 9/9 levels left

rFire    . . .     SeeInvis .     - Unarmed
rCold    . . .     Gourm    +   Q - +0 large shield
rNeg     . . .     Faith    .   M - +0 robe {MR+}
rPois    +         Spirit   .   (helmet restricted)
rElec    .         Reflect  .   (no cloak)
rCorr    +         Harm     .   (gloves unavailable)
MR       +....                  (boots unavailable)
Stlth    +.........             (no amulet)
Regen    0.7/turn               P - ring of resist corrosion
MPRegen  0.2/turn               K - ring of poison resistance

@: berserk cooldown, slowed, very slow
A: unfitting armour, claws 3, fast metabolism 3, gourmand, regeneration 1,
shaggy fur 1, tough skin 2, weak 1
a: Berserk, Trog's Hand, Brothers in Arms, Burn Spellbooks, Renounce Religion


You were on level 9 of the Dungeon.
You worshipped Trog.
Trog was greatly pleased with you.
You were very full.

You visited 3 branches of the dungeon, and saw 11 of its levels.

You collected 455 gold pieces.
You spent 240 gold pieces at shops.

Inventory:

Hand Weapons
 a - a +3 great sword
 w - a +2 dagger of protection
 x - a +1 hunting sling
 N - a +1 vampiric long sword
 O - a +1 spear of piercing
Missiles
 v - 96 bolts
 y - 349 stones (quivered)
Armour
 M - a +0 robe of magic resistance (worn)
 Q - a +0 large shield (worn)
Jewellery
 l - an uncursed ring of ice
 A - an uncursed ring of fire
 K - a ring of poison resistance (right claw)
 P - a ring of resist corrosion (left claw)
Wands
 c - a wand of confusion (31/48)
 j - a wand of random effects (22/48)
 D - a wand of disintegration (3/24)
 I - a wand of flame (40/48)
Scrolls
 e - 2 scrolls of amnesia
 m - 7 scrolls of identify
 n - a scroll of vulnerability {unknown}
 r - 3 scrolls of immolation {unknown}
 u - 2 scrolls of fog
 E - 2 scrolls of remove curse
 G - a scroll of teleportation
 H - 2 scrolls of enchant armour {unknown}
 L - a scroll of fear {unknown}
Potions
 f - 4 potions of flight
 g - 3 potions of haste {unknown}
 h - a potion of ambrosia {unknown}
 k - a potion of lignification {unknown}
 q - 2 potions of magic {unknown}
 s - 7 potions of curing {unknown}
 z - 2 potions of brilliance {unknown}
 C - a potion of might {unknown}
 J - a potion of degeneration
 R - a potion of mutation {unknown}
Comestibles
 b - 5 bread rations
 d - 5 chunks of flesh
 p - a royal jelly
 t - 4 meat rations
 B - 3 fruits


   Skills:
 + Level 8.6 Fighting
 + Level 4.8 Armour
 - Level 2.4 Dodging
 - Level 1.0 Stealth
 + Level 4.8 Shields
 + Level 10.4 Unarmed Combat


You had 9 spell levels left.
You didn't know any spells.

Dungeon Overview and Level Annotations

Branches:
Dungeon (9/15)             Temple (1/1) D:4            Lair (1/6) D:9
    Orc: D:9-12

Altars:
Ashenzari
Cheibriados
Dithmenos
Elyvilon
Fedhas
Gozag
Hepliaklqana
Kikubaaqudgha
Makhleb
Nemelex Xobeh
Okawaru
Qazlal
Ru
Sif Muna
Trog
Uskayaw
Vehumet
Xom
Yredelemnul
Zin
The Shining One

Shops:
D:4 =(:=

Annotations:
Lair:1 Gelerth's ghost, novice TrBe


Innate Abilities, Weirdness & Mutations

You are too large for most types of armour.
You have claws for hands.
Your metabolism is lightning-fast.
You like to eat raw meat.
Your natural rate of healing is unusually fast.
You are covered in fur. (AC +1)
You have very tough skin. (AC +2)
You are weak. (Str -2)


Message History

You kill the wolf!
Trog accepts your kill.
You feel your intelligence returning. The wolf bites you but does no damage.
You block the wolf's attack. The wolf barely misses you.
You scratch the wolf.
The wolf is lightly wounded.
The wolf bites you but does no damage. You block the wolf's attack.
You barely miss the wolf.
The wolf is lightly wounded.
You block the wolf's attack. x2
You claw the wolf!
The wolf is heavily wounded.
The wolf bites you!
* * * LOW HITPOINT WARNING * * *
You block the wolf's attack.
You miss the wolf.
The wolf is heavily wounded.
The wolf bites you.
You die...

#.# #####.........####..#......
#.# #.........)................
#.# #..≈≈...≈.≈≈......≈........
#.# #....≈..≈≈≈.≈≈..≈≈.........
#.# #....≈≈≈≈≈≈≈≈≈≈≈≈≈≈≈....###
#.# #...≈.≈≈≈≈..≈≈≈≈≈≈≈≈≈...##
#<## #....≈≈≈..≈...≈≈≈≈.......#
#..# #.≈≈≈.≈≈≈.÷..≈≈≈≈≈≈≈.....#
##.# #...≈≈≈≈..@..............#
##.####.≈≈≈≈≈≈≈.h†.≈.≈≈≈≈≈≈....#
..........≈≈≈≈.≈.≈≈≈≈≈≈≈≈≈≈....#
##.##......≈≈≈≈≈≈≈≈≈≈≈≈≈≈≈.....#
#.####..≈≈≈≈.≈≈≈≈≈≈≈≈.≈.......#
#.# #..≈...≈≈≈≈≈≈≈≈≈..≈≈.....#
#.# #....≈.≈≈≈≈≈≈≈..≈........#
#.# #.....≈≈≈≈≈≈≈..........###
##.#######################...#


You could see a wolf.

Vanquished Creatures
  3 spiny frogs
  2 trolls
  Grinder (D:6)
  3 hippogriffs
  Sigmund (D:5)
  Menkaure (D:7)
  2 water moccasins
  4 sky beasts
  An ice beast (D:5)
  A black bear (D:9)
  A phantom (D:9)
  3 ogres
  9 wolves
  A crocodile (Lair:1)
  2 big kobolds
  4 bullfrogs
  A wyvern skeleton (D:8)
  4 scorpions
  5 wights (D:9)
  3 howler monkeys
  2 electric eels (D:9)
  2 crimson imps
  A quasit (D:9)
  8 hounds
  2 jellies
  3 orc priests
  3 bullfrog skeletons
  4 orc wizards
  2 centaur skeletons
  An iguana (D:9)
  4 worker ants
  Robin (D:3)
  11 adders
  A howler monkey skeleton (D:7)
  2 shadow imps
  3 oozes
  3 adder skeletons
  An adder zombie (D:8)
  3 worms
  2 dart slugs (D:2)
  7 leopard geckos
  25 orcs
  10 giant cockroaches
  23 goblins
  7 hobgoblins
  8 jackals
  14 kobolds
  6 quokkas
  A ball python (D:4)
  4 bats
  2 frilled lizards
  7 rats
225 creatures vanquished.

Notes
Turn   | Place    | Note
-------+----------+-------------------------------------------
     0 | D:1      | lo53n the Troll Monk began the quest for the Orb.
     0 | D:1      | Reached XP level 1. HP: 22/22 MP: 0/0
   991 | D:1      | Reached XP level 2. HP: 29/29 MP: 1/1
  1322 | D:2      | Reached XP level 3. HP: 33/36 MP: 2/2
  1486 | D:2      | Found a deep blue altar of Sif Muna.
  1701 | D:2      | Reached skill level 4 in Unarmed Combat
  1825 | D:2      | Reached XP level 4. HP: 39/45 MP: 3/3
  2263 | D:3      | Noticed Robin
  2296 | D:3      | Killed Robin
  2473 | D:3      | Reached XP level 5. HP: 40/54 MP: 4/4
  2809 | D:3      | Reached skill level 5 in Unarmed Combat
  2984 | D:4      | Found a white marble altar of Elyvilon.
  2984 | D:4      | Found a bloodstained altar of Trog.
  2985 | D:4      | Found a shimmering altar of Xom.
  2985 | D:4      | Found a sacrificial altar of Ru.
  2991 | D:4      | Found Gyadi's Jewellery Emporium.
  2996 | D:4      | Became a worshipper of Trog the Wrathful
  2996 | D:4      | Reached * piety under Trog
  2996 | D:4      | Reached ** piety under Trog
  3021 | D:4      | Found Mischepn's Food Shop.
  3134 | D:4      | Found a staircase to the Ecumenical Temple.
  3149 | D:4      | Reached XP level 6. HP: 33/62 MP: 5/5
  3297 | D:4      | Found Zauwitoa's Weapon Shop.
  3719 | D:4      | Found Evos Qoji's Book Emporium.
  3852 | Temple   | Entered the Ecumenical Temple
  3929 | D:4      | Found Zaapp's Jewellery Emporium.
  4183 | D:5      | Entered Level 5 of the Dungeon
  4371 | D:5      | Noticed a sky beast
  4380 | D:5      | Killed a sky beast
  4380 | D:5      | Reached skill level 6 in Unarmed Combat
  4380 | D:5      | Reached XP level 7. HP: 64/71 MP: 6/6
  4387 | D:5      | Reached skill level 5 in Fighting
  4439 | D:4      | Bought an uncursed ring of poison resistance for 240 gold pieces
  4491 | D:5      | Noticed Sigmund
  4517 | D:5      | Killed Sigmund
  4517 | D:5      | Reached skill level 7 in Unarmed Combat
  4855 | D:6      | Noticed Grinder
  4861 | D:6      | Reached XP level 8. HP: 59/83 MP: 7/7
  4866 | D:6      | Killed Grinder
  4866 | D:6      | Reached *** piety under Trog
  4946 | D:7      | Reached skill level 8 in Unarmed Combat
  5245 | D:6      | Found a basalt altar of Yredelemnul.
  6108 | D:7      | Reached skill level 1 in Armour
  6108 | D:7      | Reached skill level 1 in Shields
  6134 | D:7      | Noticed a hippogriff
  6143 | D:7      | Killed a hippogriff
  6143 | D:7      | Reached XP level 9. HP: 60/93 MP: 8/8
  6156 | D:7      | Noticed Menkaure
  6183 | D:7      | Killed Menkaure
  6389 | D:7      | Found a shadowy altar of Dithmenos.
  6693 | D:7      | Noticed a troll
  6700 | D:7      | Killed a troll
  6700 | D:7      | Reached skill level 9 in Unarmed Combat
  6963 | D:8      | Found a white marble altar of Elyvilon.
  7006 | D:8      | Reached **** piety under Trog
  7020 | D:8      | Found a burning altar of Makhleb.
  7908 | D:9      | Gained mutation: You are weak. (Str -2) [mutagenic meat]
  8138 | D:9      | Noticed a spiny frog
  8139 | D:9      | Noticed a troll
  8156 | D:9      | Killed a spiny frog
  8156 | D:9      | Reached XP level 10. HP: 66/104 MP: 9/9
  8407 | D:9      | Found a staircase to the Lair.
  8461 | D:9      | Reached skill level 10 in Unarmed Combat
  8655 | Lair:1   | Entered Level 1 of the Lair of Beasts
  8765 | Lair:1   | Noticed a spiny frog
  8772 | Lair:1   | Killed a spiny frog
  8805 | Lair:1   | Noticed Gelerth's ghost (novice TrBe)
  8809 | Lair:1   | Noticed a spiny frog
  8815 | Lair:1   | HP: 3/106 [wolf (3)]
  8823 | D:9      | Killed a spiny frog
  9062 | D:9      | HP: 4/106 [wolf (7)]
  9063 | D:9      | Slain by a wolf

Skill      XL: |  1  2  3  4  5  6  7  8  9 10 |
---------------+-------------------------------+-----
Fighting       | 3 4 5 7 8 |  8.6
Unarmed Combat | 4 5 6 7 8 9 10 | 10.4
Armour         | 1 3 4 |  4.8
Shields        | 1 3 4 |  4.8
Dodging        | |  2.4
Stealth        | |  1.0

Action                   |  1- 3 |  4- 6 |  7- 9 | 10-12 || total
-------------------------+-------+-------+-------+-------++-------
Melee: Unarmed           |   102 |   206 |   280 |   153 ||   741
       Punch             |     1 |     5 |     5 |       ||    11
Invok: Burn Spellbooks   |       |       |     1 |       ||     1
       Berserk           |       |       |       |     1 ||     1
Evoke: Wand              |       |     2 |     3 |     2 ||     7
  Use: Scroll            |     6 |     2 |       |       ||     8
       Potion            |       |     1 |       |     4 ||     5
 Stab: Sleeping          |       |     2 |     2 |       ||     4
  Eat: Chunk             |    13 |    24 |    20 |     9 ||    66
       Bread ration      |     2 |       |       |       ||     2
       Meat ration       |       |       |     3 |       ||     3
Armor: Robe              |    25 |    62 |    60 |    42 ||   189
Dodge: Dodged            |    47 |    99 |    97 |    48 ||   291
Block: Large shield      |       |       |   104 |   162 ||   266
